 Dungeon Crawl Stone Soup version 0.24.1-14-gf8d2b509d9 (webtiles) character file.

Game seed: 13520831074668059346, levelgen mode: deterministic

164694 Jumperg the Markscentaur (level 17, -2/144 HPs)
             Began as a Centaur Hunter on June 2, 2020.
             Was a High Priest of Qazlal.
             Slain by a jumping spider (5 damage)
             ... on level 3 of the Spider Nest on June 9, 2020.
             The game lasted 16:00:31 (43991 turns).

Jumperg the Markscentaur (Centaur Hunter)          Turns: 43991, Time: 16:00:31

Health: -2/144     AC: 33    Str: 18    XL:     17   Next: 26%
Magic:  0/24       EV:  2    Int: 10    God:    Qazlal [*****.]
Gold:   1493       SH:  0    Dex: 14    Spells: 16/16 levels left

rFire    . . .     SeeInvis .   F - +3 hand axe (venom)
rCold    + + +     Gourm    .   (no shield)
rNeg     . . .     Faith    .   W - +1 plate armour "Yxtoc" {*Corrode rPois rC++ Regen+}
rPois    +         Spirit   .   s - +2 helmet
rElec    .         Reflect  .   m - +2 cloak {rPois}
rCorr    .         Harm     .   J - +0 pair of gloves
MR       +....                  C - +0 centaur barding "Ommosk" {rC+}
Stlth    ..........             v - amulet of regeneration
HPRegen  1.14/turn              j - +3 ring of protection
MPRegen  0.19/turn              K - +2 ring of protection

@: protected from physical damage, corroded, held, studying Armour, repel
missiles, very quick
A: large, hooves 3, deformed body, speed 2, tough skin 3
a: Upheaval, Elemental Force, Disaster Area, Renounce Religion


You were on level 3 of the Spider Nest.
You worshipped Qazlal.
Qazlal was extremely pleased with you.
You were full.

You visited 5 branches of the dungeon, and saw 27 of its levels.
You visited 1 bazaar.
You also visited: Ossuary, Bailey and Gauntlet.

You collected 3120 gold pieces.
You spent 1627 gold pieces at shops.

Inventory:

Hand Weapons
 a - a +0 longbow
 b - a +2 dire flail of protection
 d - a +1 vampiric battleaxe
 F - a +3 hand axe of venom (weapon)
Missiles
 q - 5 curare-tipped darts (quivered)
 E - 48 poisoned darts
 T - 349 arrows
 Y - 15 javelins
 Z - 2 throwing nets
Armour
 m - a +2 cloak of poison resistance (worn)
 p - a +3 plate armour of fire resistance
 s - a +2 helmet (worn)
 C - the +0 centaur barding "Ommosk" (worn) {rC+}
   (You acquired it on level 1 of the Orcish Mines)

   It protects you from cold.
 J - a +0 pair of gloves (worn)
 W - the +1 plate armour "Yxtoc" (worn) {*Corrode rPois rC++ Regen+}
   (You bought it in a shop on level 2 of the Orcish Mines)

   It greatly protects you from cold.
   It protects you from poison.
   It increases your rate of regeneration.
   It may corrode you when you take damage.
Jewellery
 j - a +3 ring of protection (left hand)
 k - the amulet of the Four Winds {rN+ MR+++ Clar}
   (You found it in a Gauntlet)

   [amulet of nothing]

   It protects you from negative energy.
   It affects your resistance to hostile enchantments.
   It protects you against confusion.
 o - an uncursed ring of positive energy
 v - an amulet of regeneration (around neck)
 B - an uncursed amulet of guardian spirit
 D - an uncursed amulet of the gourmand
 K - a +2 ring of protection (right hand)
 U - an uncursed ring of protection from cold
Wands
 r - a wand of digging (5)
 y - a wand of scattershot (5)
 M - a wand of iceblast (13)
 P - a wand of polymorph (58)
 Q - a wand of disintegration (24)
Scrolls
 c - 5 scrolls of fear
 g - 13 scrolls of teleportation
 l - a scroll of enchant weapon
 t - 12 scrolls of remove curse
 w - 3 scrolls of magic mapping
 I - 2 scrolls of immolation
 L - 6 scrolls of identify
 V - 6 scrolls of blinking
Potions
 e - 9 potions of curing
 h - 5 potions of haste
 i - a potion of heal wounds
 u - 4 potions of might
 x - 3 potions of agility
 z - 3 potions of flight
 O - 2 potions of resistance
Books
 N - a manual of Armour
Miscellaneous
 n - a lightning rod (4/4)
Comestibles
 f - 45 rations


   Skills:
 - Level 11.0 Fighting
   Level 1.8 Long Blades
 + Level 10.0(11.2) Axes
 - Level 8.1(10.2) Maces & Flails
   Level 2.1(6.6) Polearms
 + Level 19.0 Bows
 - Level 8.0 Throwing
 - Level 12.0 Armour
 - Level 1.3 Dodging
 - Level 0.4 Stealth
 - Level 9.3 Invocations
 - Level 9.1 Evocations


You had 16 spell levels left.
You didn't know any spells.
Your spell library contained the following spells:

 Spells                   Type           Power        Failure   Level  Hunger
 Confusing Touch          Hex            #.....       100%        1    ##.....
 Corona                   Hex            #......      100%        1    ##.....
 Magic Dart               Conj           #...         100%        1    ##.....
 Summon Small Mammal      Summ           #...         100%        1    ##.....
 Call Imp                 Summ           #.......     100%        2    ###....
 Ensorcelled Hibernation  Hex/Ice        #.....       100%        2    ###....
 Searing Ray              Conj           #.....       100%        2    ###....
 Song of Slaying          Chrm           #.......     100%        2    ###....
 Call Canine Familiar     Summ           #.......     100%        3    ####...
 Confuse                  Hex            #.......     100%        3    ####...
 Dazzling Spray           Conj/Hex       #.....       100%        3    ####...
 Gell's Gravitas          Tloc           #.........   100%        3    ####...
 Ignite Poison            Fire/Tmut/Pois #.......     100%        3    ####...
 Mephitic Cloud           Conj/Pois/Air  #.......     100%        3    ####...
 Spider Form              Tmut/Pois      #.........   100%        3    ####...
 Summon Guardian Golem    Hex/Summ       #.......     100%        3    ####...
 Tukima's Dance           Hex            #.......     100%        3    ####...
 Force Lance              Conj/Tloc      #.......     100%        4    #####..
 Fulminant Prism          Conj/Hex       #.........   100%        4    #####..
 Iskenderun's Mystic Bla  Conj           #.......     100%        4    #####..
 Olgreb's Toxic Radiance  Pois           #.......     100%        4    #####..
 Petrify                  Tmut/Erth      #.......     100%        4    #####..
 Summon Ice Beast         Ice/Summ       #.......     100%        4    #####..
 Summon Lightning Spire   Summ/Air       #.......     100%        4    #####..
 Aura of Abjuration       Summ           #.........   100%        5    ######.
 Iskenderun's Battlesphe  Conj/Chrm      #.......     100%        5    ######.
 Metabolic Englaciation   Hex/Ice        #.........   100%        5    ######.
 Summon Forest            Summ/Tloc      #.........   100%        5    ######.
 Venom Bolt               Conj/Pois      #.........   100%        5    ######.
 Yara's Violent Unravell  Hex/Tmut       #.........   100%        5    ######.


Dungeon Overview and Level Annotations

Branches:
Dungeon (15/15)            Temple (1/1) D:4            Lair (6/6) D:9
 Shoals (0/4) Lair:3       Spider (3/4) Lair:4        Slime (0/5) Lair:6
    Orc (2/2) D:9             Elf (0/3) Orc:2        Vaults (0/5) D:14
 Depths (0/5) D:15        Ossuary (visited)          Bailey (visited)
Gauntlet (visited)

Altars:
Ashenzari
Cheibriados
Dithmenos
Elyvilon
Fedhas
Gozag
Hepliaklqana
Kikubaaqudgha
Makhleb
Nemelex Xobeh
Okawaru
Qazlal
Ru
Sif Muna
Trog
Uskayaw
Vehumet
Wu Jian
Xom
Yredelemnul
Zin
The Shining One
Jiyva

Shops:
D:4 }   D:5 !   D:7 ?   D:8 (   D:12 [   D:15 [   Orc:2 =*([

Portals:
Hell: Lair:6
Bazaar: D:14

Annotations:
D:11 1 runed translucent door
Spider:2 Asterion


Innate Abilities, Weirdness & Mutations

You have hooves in place of feet.
Armour fits poorly on your strangely shaped body.
You cover ground very quickly.
You have extremely tough skin. (AC +3)


Message History

You struggle to detach yourself from the web.
The wolf spider hits you!!
* * * LOW HITPOINT WARNING * * *
The wolf spider bites you but does no damage.
The jumping spider is struck by lightning.
The jumping spider pounces on you!
* * * LOW HITPOINT WARNING * * *
The jumping spider bites you but does no damage.
The jumping spider is struck by lightning.
The jumping spider leaps!
The wolf spider hits you but does no damage.
The wolf spider barely misses you.
The demonic crawler hits you but does no damage. x3
You feel you are being watched by something.
You hear an angry buzzing noise. x15
You feel much better. The wolf spider hits you!!
* * * LOW HITPOINT WARNING * * *
The wolf spider bites you but does no damage.
The jumping spider pounces on you.
You die...

...#..#.^.#
......#...#
..........#
.. #††....#
...#.†....#
.....†.†..#
..#.†.#(.☼#
.......#ss.#
#....^.§@###
#(....°s○°.#
#.....°○...#
.........^.#
.......^...#
.^.........#
.......<#..#
...%^......#
...<...^...#


You could see a demonic crawler, a wolf spider (berserk) and a jumping spider.

Vanquished Creatures
  Arachne (Spider:1)
  Agnes (D:14)
  Kirke (Spider:1)
  Aizul (Spider:1)
  2 orc warlords (Orc:1)
  A stone giant (Orc:1)
  Azrael (Orc:2)
  A dire elephant (Lair:6)
  A spark wasp (Spider:1)
  6 hydras
  A rakshasa (D:15)
  2 anacondas (Lair:5)
  A centaur warrior (D:13)
  8 two-headed ogres
  A queen ant (Gauntlet)
  2 tengu warriors
  4 death yaks
  4 orc high priests
  Nergalle (Orc:1)
  Urug (D:13)
  4 skeletal warriors (D:15)
  3 unseen horrors
  A deep troll (D:14)
  A wizard (Lair:6)
  2 deep elf magi (D:15)
  6 orb spiders
  A necromancer (D:14)
  7 orc knights
  15 wolf spiders
  9 orc sorcerers
  2 ugly things (D:13)
  2 cyclopes
  A guardian serpent (D:12)
  An elephant (Lair:6)
  A naga mage (D:15)
  A smoke demon (Lair:6)
  Joseph (D:8)
  12 spiny frogs
  6 torpor snails
  2 black mambas (Lair:5)
  2 gargoyles
  4 orange demons (Lair:6)
  A black mamba (shapeshifter) (D:14)
  3 centaur skeletons
  A komodo dragon (shapeshifter) (D:14)
  2 yaktaurs (D:15)
  A freezing wraith (D:15)
  10 komodo dragons
  3 rime drakes
  A red devil (Lair:6)
  9 demonic crawlers
  An ice devil (Lair:6)
  13 trolls
  23 jumping spiders
  4 meliai
  4 tengu conjurers
  A polar bear (Lair:4)
  11 blink frogs
  3 hornets
  6 dream sheep (Lair:6)
  2 slime creatures (D:15)
  Prince Ribbit (D:8)
  12 hippogriffs
  27 redbacks
  13 tarantellas
  3 wraiths
  4 fire elementals
  41 yaks
  3 wyverns
  5 basilisks
  2 humans
  7 hogs
  4 vampire mosquitoes (D:15)
  5 wargs
  2 swamp worms (Gauntlet)
  2 acid dragons
  2 floating eyes (Gauntlet)
  8 hell hounds
  5 soldier ants (Gauntlet)
  12 porcupines
  4 black bears
  A floating eye (shapeshifter) (D:15)
  3 ice beasts
  14 water moccasins
  49 orc warriors
  9 sky beasts
  A hornet zombie (D:8)
  3 eyes of draining
  14 ogres
  A necrophage (D:8)
  2 phantoms
  26 centaurs
  12 wolves
  3 boggarts (D:15)
  3 big kobolds
  20 crocodiles
  13 bullfrogs
  3 gnoll sergeants
  7 scorpions
  10 killer bees
  An electric eel (Spider:2)
  7 howler monkeys
  14 wights
  2 vampire bats (Lair:5)
  3 jellies
  11 crimson imps
  5 bullfrog zombies
  12 centaur zombies
  A quasit (D:10)
  23 orc priests
  3 hounds
  A bullfrog skeleton (D:5)
  Terence (D:2)
  6 iguanas
  21 orc wizards
  16 worker ants
  An ogre zombie (D:5)
  2 hound skeletons
  A howler monkey zombie (D:6)
  5 mummies (Ossuary)
  2 worker ant zombies
  23 gnolls
  A gnoll zombie (D:5)
  An orc zombie (D:5)
  24 adders
  4 shadow imps
  An ooze (D:2)
  4 dart slugs
  6 worms
  9 leopard geckos
  110 orcs
  2 ball pythons
  7 giant cockroaches
  12 goblins
  6 hobgoblins
  5 jackals
  A quokka (D:7)
  17 bats
  4 frilled lizards
  5 hobgoblin zombies (Ossuary)
  23 kobolds
  7 rats
  2 butterflies (D:11)
  A fungus (Lair:5)
  3 plants
996 creatures vanquished.

Vanquished Creatures (collateral kills)
  7 redbacks (Spider:3)
7 creatures vanquished.

Vanquished Creatures (others)
  3 orcs (Orc:2)
  3 bushes
  46 fungi
  41 plants
93 creatures vanquished.

Grand Total: 1096 creatures vanquished

Notes
Turn   | Place    | Note
-------+----------+-------------------------------------------
     0 | D:1      | Jumperg the Centaur Hunter began the quest for the Orb.
     0 | D:1      | Reached XP level 1. HP: 17/17 MP: 1/1
   228 | D:1      | Reached XP level 2. HP: 14/24 MP: 2/2
   983 | D:2      | Reached XP level 3. HP: 30/30 MP: 3/3
  1097 | D:2      | Reached skill level 6 in Bows
  1097 | D:2      | Reached skill level 1 in Armour
  1827 | D:2      | Noticed Terence
  1863 | D:2      | Killed Terence
  1863 | D:2      | Reached XP level 4. HP: 38/38 MP: 4/4
  2979 | D:3      | Reached XP level 5. HP: 45/45 MP: 5/5
  3547 | D:3      | Found a shadowy altar of Dithmenos.
  3598 | D:3      | Reached skill level 7 in Bows
  3793 | D:3      | Reached XP level 6. HP: 51/52 MP: 6/6
  3819 | D:4      | Found a radiant altar of Vehumet.
  3819 | D:4      | Found a white marble altar of Elyvilon.
  4036 | D:4      | Found Kiupyfio's Gadget Shoppe.
  4111 | D:4      | You fall into a shaft and drop 3 floors!
  4111 | D:7      | Found Oczol's Magic Scroll Shoppe.
  4131 | D:7      | Reached skill level 1 in Long Blades
  4167 | D:7      | Noticed a sky beast
  4258 | D:6      | Noticed a troll
  4653 | D:7      | Noticed a hog
  4653 | D:7      | Noticed a hog
  4653 | D:7      | Noticed a human
  4741 | D:7      | Found a glowing golden altar of the Shining One.
  4884 | D:7      | Reached XP level 7. HP: 34/59 MP: 7/7
  5063 | D:6      | Found a sand-covered staircase.
  5069 | Ossuary  | Entered an ossuary
  5101 | Ossuary  | Reached skill level 8 in Bows
  5759 | D:6      | Reached skill level 5 in Fighting
  5759 | D:6      | Reached skill level 9 in Bows
  6154 | D:5      | Entered Level 5 of the Dungeon
  6164 | D:5      | Found a transporter.
  6285 | D:5      | Reached XP level 8. HP: 65/70 MP: 8/8
  6349 | D:5      | Found a transporter.
  6708 | D:5      | Found Hucesm's Distillery.
  6745 | D:5      | Bought a potion of heal wounds for 70 gold pieces
  6917 | D:5      | Found an opulent altar of Gozag.
  7344 | D:6      | Killed a troll
  7344 | D:6      | Reached skill level 10 in Bows
  7566 | D:6      | Reached skill level 1 in Maces & Flails
  7727 | D:4      | Found a staircase to the Ecumenical Temple.
  7753 | Temple   | Entered the Ecumenical Temple
  7976 | Temple   | Became a worshipper of Qazlal Stormbringer
  8739 | D:6      | Reached XP level 9. HP: 78/79 MP: 9/9
  8941 | D:6      | Identified the Guide on Lucky Poison
  9996 | D:7      | Reached skill level 5 in Maces & Flails
 10134 | D:8      | Reached skill level 1 in Invocations
 10169 | D:8      | Noticed Prince Ribbit
 10209 | D:8      | Killed Prince Ribbit
 10245 | D:8      | Found Ybun's Antique Weapon Shop.
 10328 | D:8      | Noticed Joseph
 10355 | D:8      | Killed Joseph
 10355 | D:8      | Reached skill level 11 in Bows
 10452 | D:8      | Reached * piety under Qazlal
 10606 | D:8      | Reached XP level 10. HP: 84/91 MP: 12/12
 10869 | D:8      | Bought a longbow for 103 gold pieces
 11692 | D:8      | Reached skill level 5 in Invocations
 11895 | D:8      | Reached skill level 12 in Bows
 12031 | D:8      | Noticed a two-headed ogre
 12108 | D:8      | Killed a two-headed ogre
 12325 | D:8      | Found a shimmering altar of Xom.
 12589 | D:9      | Reached skill level 1 in Evocations
 12595 | D:9      | Reached ** piety under Qazlal
 13290 | D:9      | Reached skill level 13 in Bows
 13452 | D:9      | Noticed a two-headed ogre
 13515 | D:9      | Killed a two-headed ogre
 13515 | D:9      | Reached XP level 11. HP: 97/97 MP: 11/14
 13772 | D:9      | Noticed a two-headed ogre
 13788 | D:9      | Killed a two-headed ogre
 14159 | D:9      | Found a staircase to the Orcish Mines.
 14364 | D:9      | Found a staircase to the Lair.
 14747 | D:9      | Found a snail-covered altar of Cheibriados.
 14756 | D:9      | Found a burning altar of Makhleb.
 14807 | D:10     | Entered Level 10 of the Dungeon
 14833 | D:10     | Reached skill level 5 in Evocations
 16160 | Lair:1   | Entered Level 1 of the Lair of Beasts
 16187 | Lair:1   | Reached skill level 14 in Bows
 16295 | Lair:1   | Found a gate leading to a gauntlet.
 16309 | Gauntlet | Entered a Gauntlet
 16309 | Gauntlet | Found a transporter.
 16309 | Gauntlet | Found a transporter.
 16309 | Gauntlet | Noticed a tengu warrior
 16318 | Gauntlet | Found a transporter.
 16318 | Gauntlet | Found a transporter.
 16319 | Gauntlet | Found a transporter.
 16329 | Gauntlet | Found a transporter.
 16331 | Gauntlet | Noticed a wizard
 16333 | Gauntlet | Found a transporter.
 16346 | Gauntlet | Found a transporter.
 16351 | Gauntlet | Found the +3 hat of Pondering {ponderous, MR+ MP+10 Int+5}
 16353 | Gauntlet | Found a transporter.
 16354 | Gauntlet | Noticed a queen ant
 16371 | Gauntlet | Found a transporter.
 16379 | Gauntlet | Found a transporter.
 16379 | Gauntlet | Noticed a shining eye
 16382 | Gauntlet | Found the amulet of the Four Winds {rN+ MR+++ Clar}
 16396 | Gauntlet | Found a transporter.
 16433 | Gauntlet | Noticed a thrashing horror
 16442 | Gauntlet | Noticed a wizard
 16654 | Gauntlet | Killed a tengu warrior
 16950 | Gauntlet | Paralysed by a floating eye for 2 turns
 17004 | Gauntlet | Reached skill level 1 in Axes
 17008 | Gauntlet | Killed a queen ant
 17292 | Gauntlet | Got a translucent helmet
 17314 | Gauntlet | Identified the +0 helmet "Henturuf" {rElec} (You found it
                  | in a Gauntlet)
 17527 | Gauntlet | Identified the +5 plate armour of Liberty {rC+ Int+3}
 17527 | Gauntlet | Noticed a minotaur
 17564 | Gauntlet | HP: 1/97 [minotaur/silver javelin (5)]
 18112 | Lair:1   | Reached XP level 12. HP: 105/105 MP: 17/17
 18224 | Lair:1   | Found a snail-covered altar of Cheibriados.
 18809 | Lair:2   | Noticed an eight-headed hydra
 19017 | Lair:2   | Identified 2 scrolls of acquirement
 19789 | Lair:2   | Killed an eight-headed hydra
 20586 | Lair:3   | Reached skill level 10 in Fighting
 21191 | Lair:3   | Noticed a death yak
 21192 | Lair:3   | Noticed a death yak
 21195 | Lair:3   | Noticed a death yak
 21195 | Lair:3   | Noticed a death yak
 21242 | Lair:3   | Killed a death yak
 21242 | Lair:3   | Reached skill level 15 in Bows
 21280 | Lair:2   | Killed a death yak
 21410 | Lair:2   | Killed a death yak
 21555 | Lair:3   | Killed a death yak
 22058 | Lair:3   | Reached XP level 13. HP: 107/113 MP: 13/19
 22492 | Lair:3   | Found a staircase to the Shoals.
 22770 | Lair:4   | Reached skill level 5 in Armour
 22924 | Lair:4   | You fall into a shaft and drop 2 floors!
 22924 | Lair:6   | Entered Level 6 of the Lair of Beasts
 22942 | Lair:6   | Reached skill level 16 in Bows
 23141 | Lair:6   | Found a staircase to the Slime Pits.
 23141 | Lair:6   | Found a viscous altar of Jiyva.
 24059 | D:7      | Bought a scroll of remove curse for 42 gold pieces
 24059 | D:7      | Bought a scroll of random uselessness for 14 gold pieces
 24059 | D:7      | Bought a scroll of identify for 28 gold pieces
 24059 | D:7      | Bought a scroll of magic mapping for 49 gold pieces
 24059 | D:7      | Bought a scroll of identify for 28 gold pieces
 24953 | Lair:4   | Found a hole to the Spider Nest.
 25942 | Lair:6   | Got a blackened ring mail
 25984 | Lair:6   | Identified the +3 ring mail of the Crown {rCorr} (You found
                  | it on level 6 of the Lair of Beasts)
 26523 | Lair:6   | Got a pitted dagger
 27069 | Lair:6   | Noticed a dire elephant
 27136 | Lair:6   | Killed a dire elephant
 27845 | Lair:6   | Found a burning altar of Makhleb.
 27892 | Lair:6   | Reached XP level 14. HP: 121/121 MP: 20/20
 27999 | Lair:6   | Reached *** piety under Qazlal
 28211 | Lair:6   | Found a gateway to Hell.
 28218 | Lair:6   | Identified the Guide on the Poisonous Escort
 28317 | Spider:1 | Entered Level 1 of the Spider Nest
 29065 | Lair:1   | Identified the +10 dagger "Bozioleh" {pierce, rPois Str+3}
                  | (You found it on level 6 of the Lair of Beasts)
 29119 | Orc:1    | Entered Level 1 of the Orcish Mines
 29273 | Orc:1    | Noticed Nergalle
 29302 | Orc:1    | Killed Nergalle
 29424 | Orc:1    | Found a flagged portal.
 29447 | Bailey   | Entered a bailey
 29701 | Bailey   | Reached **** piety under Qazlal
 29897 | Bailey   | Reached skill level 1 in Polearms
 30106 | Bailey   | Got a brightly glowing bardiche
 30338 | Orc:1    | Identified the +3 bardiche "Ynoun" {pain, Dex+5} (You found
                  | it in a bailey)
 30888 | Orc:2    | Entered Level 2 of the Orcish Mines
 30888 | Orc:2    | Found Bux Olin's General Store.
 30897 | Orc:2    | Noticed a stone giant
 31412 | Orc:2    | Noticed an orc warlord
 31589 | Orc:2    | Reached skill level 10 in Armour
 31881 | Orc:2    | Noticed Azrael
 31952 | Orc:1    | Got a jewelled centaur barding
 31958 | Orc:1    | Identified the +0 centaur barding "Ommosk" {rC+} (You
                  | acquired it on level 1 of the Orcish Mines)
 32022 | Orc:1    | Killed a stone giant
 32229 | Orc:1    | Killed an orc warlord
 33102 | Orc:2    | Found Mibotire's Antique Weapon Boutique.
 33109 | Orc:2    | Found Xator's Jewellery Shop.
 33109 | Orc:2    | Noticed an orc warlord
 33759 | Orc:2    | Killed Azrael
 34352 | Orc:1    | Killed an orc warlord
 34693 | Orc:2    | Found a staircase to the Elven Halls.
 34702 | Orc:2    | Found Fotougagat's Antique Armour Boutique.
 34894 | Orc:2    | Bought a scroll of noise for 12 gold pieces
 34897 | Orc:2    | Bought 2 scrolls of identify for 48 gold pieces
 34901 | Orc:2    | Reached XP level 15. HP: 129/129 MP: 20/22
 34902 | Orc:2    | Bought a scroll of enchant weapon for 90 gold pieces
 34902 | Orc:2    | Bought a scroll of magic mapping for 42 gold pieces
 34902 | Orc:2    | Bought a potion of might for 48 gold pieces
 34950 | Orc:2    | Bought a pitted plate armour for 728 gold pieces
 34961 | Orc:2    | Identified the +1 plate armour "Yxtoc" {*Corrode rPois rC++
                  | Regen+} (You bought it in a shop on level 2 of the Orcish
                  | Mines)
 35974 | D:11     | Found a runed translucent door.
 35976 | D:11     | Found a runed translucent door.
 36308 | D:12     | Reached skill level 5 in Throwing
 36309 | D:12     | Reached ***** piety under Qazlal
 36320 | D:12     | Found Qunku's Antique Armour Emporium.
 36337 | D:12     | Reached XP level 16. HP: 137/137 MP: 23/23
 36389 | D:12     | Found a flickering gateway to a bazaar.
 36432 | Bazaar   | Entered a bazaar
 36446 | Bazaar   | Found Bunyut's Assorted Antiques.
 36446 | Bazaar   | Found Bijuxt's Magic Scroll Shoppe.
 36468 | Bazaar   | Found Fewet's Food Emporium.
 36490 | Bazaar   | Found Delurch's Food Emporium.
 36575 | Bazaar   | Bought a scroll of remove curse for 30 gold pieces
 36575 | Bazaar   | Bought a scroll of blinking for 75 gold pieces
 36575 | Bazaar   | Bought a scroll of blinking for 75 gold pieces
 36575 | Bazaar   | Bought a scroll of teleportation for 30 gold pieces
 36575 | Bazaar   | Bought a scroll of enchant armour for 75 gold pieces
 36575 | Bazaar   | Bought a scroll of identify for 20 gold pieces
 36575 | Bazaar   | Bought a scroll of identify for 20 gold pieces
 37490 | D:13     | Noticed Urug
 37508 | D:13     | Killed Urug
 37640 | D:13     | Reached skill level 5 in Axes
 38460 | D:14     | Found a gateway to a bazaar.
 38983 | D:14     | Found a gate to the Vaults.
 39862 | D:15     | Entered Level 15 of the Dungeon
 40081 | D:15     | Noticed Agnes
 40110 | D:14     | Killed Agnes
 40110 | D:14     | Reached skill level 17 in Bows
 40591 | D:15     | Found Nafolo's Specialty Armours.
 40870 | D:15     | Reached ****** piety under Qazlal
 41096 | D:15     | Found a staircase to the Depths.
 42037 | Spider:1 | Noticed Kirke
 42056 | Spider:1 | Killed Kirke
 42056 | Spider:1 | Reached skill level 18 in Bows
 42209 | Spider:1 | Reached XP level 17. HP: 61/144 MP: 21/24
 42538 | Spider:1 | You fall into a shaft and drop 1 floor!
 42551 | Spider:2 | Noticed Arachne
 42551 | Spider:2 | Noticed Aizul
 42839 | Spider:1 | Killed Aizul
 42905 | Spider:2 | Noticed Asterion
 43479 | Spider:1 | Killed Arachne
 43980 | Spider:3 | Reached skill level 19 in Bows
 43985 | Spider:3 | Reached skill level 10 in Axes
 43990 | Spider:3 | HP: 3/144 [jumping spider (11)]
 43991 | Spider:3 | Slain by a jumping spider

Levels and vault maps discovered:
D:1:      eino_arrival_water_cross, layout_loops_ring
D:2:      layout_basic, first_ration, serial_bayou_pond_a, uniq_terence
D:3:      layout_rooms, grunt_dithmenos_smoke, minmay_joined_circles
D:4:      layout_cave_pools, chequers_temple_overflow_statue_of_worship,
          temple_doors_e, serial_shops, kennysheep_mini_moat, minivault_23
D:5:      gammafunk_cloud_chamber, layout_rooms, kennysheep_little_box,
          serial_shops, shop, minivault_5
D:6:      layout_basic, enter_ossuary_5, nrook_loot_triangle
D:7:      layout_basic, kennysheep_mini, serial_shops,
          nicolae_shop_temple_entry_statues_fountains, grunt_livestock
D:8:      minmay_cornered_nines, layout_loops_ring, marbit_many_paths,
          serial_shops, nicolae_shop_crystal, uniq_prince_ribbit1, uniq_joseph
D:9:      layout_layer_cave, minitemple, minmay_lair_entry_grove, orc_0_dummy
D:10:     layout_roguey
D:11:     lemuel_insect_pit, layout_basic
D:12:     layout_basic, serial_shops, bzr_entry_lakeside, shop,
          nrook_guardian_serpent_double
D:13:     layout_loops_ring, uniq_urug
D:14:     layout_small_grid, david_vaults_4, serial_shops, bzr_entry_gold
D:15:     hangedman_depths_entry_try_elsewhere_first, layout_gridville,
          nicolae_sextant, nicolae_barding_shop, uniq_agnes
Temple:   eino_narrow_crystal_temple
Lair:1:   layout_regular_city, gauntlet_entry_generic, kennysheep_snail_temple,
          grunt_megastairs_5
Lair:2:   layout_misc_corridors, serial_bayou_shore_a, grunt_megastairs_3
Lair:3:   layout_layer_cave, shoals_dummy_entry, lemuel_fruit_tree
Lair:4:   minmay_lair_venomous_thicket, layout_cave_pods,
          spider_nest_entry_rubble, beast_lair_carwin_2
Lair:5:   beast_lair_carwin_large_3, layout_loops_ring, minivault_23,
          roderic_batcave
Lair:6:   evil_forest, layout_cave_pods, slime_altar_1
Spider:1: nicolae_spider_mines_1, uniq_kirke
Spider:2: layout_spider_delve, guppyfry_spider_mini_3, uniq_asterion,
          uniq_arachne, uniq_aizul
Spider:3: gammafunk_its_a_trap, special_room [special_room_bee]
Orc:1:    layout_caves, enter_bailey_6, uniq_nergalle
Orc:2:    grunt_orc_gardens, layout_diamond_mine, grunt_orc_garden,
          grunt_orc_garden, grunt_orc_garden, grunt_orc_garden, uniq_azrael

Skill      XL: |  1  2  3  4  5  6  7  8  9 10 11 12 13 14 15 16 17 |
---------------+----------------------------------------------------+-----
Bows           | 6 7 9 10 11 13 14 15 16 18 19 | 19.0
Armour         | 1 2 3 4 8 11 12 | 12.0
Fighting       | 3 4 5 7 9 10 11 | 11.0
Long Blades    | 1 |  1.8
Maces & Flails | 2 5 6 8 |  8.1
Invocations    | 3 5 7 8 9 |  9.3
Evocations     | 4 5 7 8 9 |  9.1
Axes           | 1 2 3 8 10 | 10.0
Polearms       | 2 |  2.1
Throwing       | 4 5 8 |  8.0
Dodging        | |  1.3
Stealth        | |  0.4

Action                   |  1- 3 |  4- 6 |  7- 9 | 10-12 | 13-15 | 16-18 || total
-------------------------+-------+-------+-------+-------+-------+-------++-------
Melee: Short sword       |    91 |    78 |       |       |       |       ||   169
       Kick              |    14 |    38 |    72 |   145 |   270 |   278 ||   817
       Falchion          |       |    90 |       |     4 |       |       ||    94
       Flail             |       |    10 |   267 |   409 |   674 |       ||  1360
       Hand axe          |       |       |    15 |    80 |    83 |    96 ||   274
       Spear             |       |       |       |    52 |     3 |       ||    55
       Longbow           |       |       |       |       |     2 |       ||     2
       Halberd           |       |       |       |       |   120 |       ||   120
       Dagger            |       |       |       |       |    14 |       ||    14
       Bardiche          |       |       |       |       |     7 |       ||     7
       Dire flail        |       |       |       |       |    41 |   559 ||   600
       Battleaxe         |       |       |       |       |    40 |    65 ||   105
 Fire: Shortbow          |    49 |    68 |   231 |    22 |       |       ||   370
       Longbow           |       |       |       |   473 |   578 |   284 ||  1335
Throw: Stone             |     5 |    20 |    14 |    10 |       |       ||    49
       Javelin           |       |       |    20 |    19 |    91 |    74 ||   204
       Throwing net      |       |       |     1 |       |       |       ||     1
       Dart              |       |       |       |       |    20 |     4 ||    24
       Boomerang         |       |       |       |       |     7 |       ||     7
Invok: Upheaval          |       |       |       |    22 |    19 |    17 ||    58
       Elemental Force   |       |       |       |       |       |     1 ||     1
Evoke: Wand              |       |       |     1 |     5 |     8 |     3 ||    17
       Lightning rod     |       |       |       |     4 |     4 |       ||     8
  Use: Scroll            |       |     5 |     3 |    12 |    14 |     3 ||    37
       Potion            |       |       |     3 |     5 |     2 |     4 ||    14
 Stab: Confused          |       |       |       |     1 |       |       ||     1
       Distracted        |       |       |       |       |       |     1 ||     1
  Eat: Chunk             |     2 |     8 |     8 |    43 |    32 |    33 ||   126
       Ration            |       |       |     2 |       |       |     1 ||     3
Armor: Ring mail         |    37 |    20 |     8 |       |       |       ||    65
       Leather armour    |     2 |       |       |       |       |       ||     2
       Chain mail        |       |   111 |   242 |   262 |       |       ||   615
       Skin              |       |       |     8 |       |       |       ||     8
       Plate armour      |       |       |       |   166 |   944 |   943 ||  2053
Dodge: Dodged            |    31 |    48 |    84 |   112 |   174 |   134 ||   583
       Deflected         |       |       |       |       |    12 |     7 ||    19
Block: Other             |       |       |     2 |    46 |   202 |   327 ||   577
       Rpst.: Falchion   |       |     7 |       |       |       |       ||     7
